 Dungeon Crawl Stone Soup version 0.27-a0-333-gfa571bf19a (webtiles) character file.

Game seed: 12181103485278020102

32 Nattfarinn the Sneak (level 3, -1/28 HPs)
             Began as a Kobold Enchanter on Feb 12, 2021.
             Killed from afar by an orc wizard (4 damage)
             ... with a magic dart
             ... on level 3 of the Dungeon.
             The game lasted 00:04:02 (2220 turns).

Nattfarinn the Sneak (Kobold Enchanter)             Turns: 2220, Time: 00:04:03

Health: -1/28      AC: 21    Str:  2 (5)  XL:     3   Next: 45%
Magic:  6/6        EV:  3    Int: 14 (16) God:
Gold:   89         SH:  0    Dex: 14 (16) Spells: 5/6 levels left

rFire    . . .     SeeInvis .   a - +1 dagger
rCold    . . .     Faith    .   (shield restricted)
rNeg     + + +     Spirit   .   (armour currently unavailable)
rPois    +         Reflect  .   (helmet currently unavailable)
rElec    .         Harm     .   (cloak currently unavailable)
rCorr    .         Rampage  .   (gloves currently unavailable)
Will     .....     NoTele   +   (boots currently unavailable)
Stlth    ++........             (no amulet)
HPRegen  0.09/turn              (no ring)
MPRegen  0.10/turn              (no ring)

@: confused, mighty, tree-form
A: small, nightstalker 3
a: no special abilities


You were on level 3 of the Dungeon.
You were a tree.
You visited 1 branch of the dungeon, and saw 3 of its levels.

You collected 89 gold pieces.

Inventory:

Hand Weapons
 a - a +1 dagger (weapon)
Armour
 b - a +0 robe (melded)
Scrolls
 d - 2 scrolls of teleportation {unknown}
 e - a scroll of immolation {unknown}
 g - a scroll of enchant armour {unknown}
 h - 2 scrolls of identify {unknown}
Potions
 i - a potion of lignification


   Skills:
 - Level 1.3 Short Blades
 - Level 2.4 Dodging
 * Level 6.0 Stealth
 - Level 2.1 Spellcasting
 - Level 3.0 Hexes


You had 5 spell levels left.
You knew the following spells:

 Your Spells              Type           Power        Failure   Level
a - Corona                Hex            10%          7%          1

Your spell library contained the following spells:

 Spells                   Type           Power        Failure   Level
 Ensorcelled Hibernation  Hex/Ice        10%          19%         2
 Confusing Touch          Hex            9%           21%         3
 Tukima's Dance           Hex            9%           21%         3
 Dazzling Flash           Conj/Hex       10%          36%         3


Dungeon Overview and Level Annotations

Branches:
Dungeon (2/15)

Altars:
Kikubaaqudgha
Uskayaw
The Shining One


Innate Abilities, Weirdness & Mutations

You are small and have problems with some larger weapons.
You are completely attuned to the shadows.


Message History

You cannot move. (Use ctrl+direction or * direction to attack without moving.) Unknown command.
Unknown command.
You cannot move. (Use ctrl+direction or * direction to attack without moving.)
You cannot move. (Use ctrl+direction or * direction to attack without moving.)
You cannot move. (Use ctrl+direction or * direction to attack without moving.)
You cannot move. (Use ctrl+direction or * direction to attack without moving.)
You cannot move. (Use ctrl+direction or * direction to attack without moving.)
You swing at nothing.
The orc hits you but does no damage.
The orc wizard hits you but does no damage.
You hit the orc wizard.
The orc wizard is moderately wounded.
The orc hits you but does no damage.
The orc wizard points at you and mumbles some strange words.
The magic dart hits you.
* * * LOW HITPOINT WARNING * * *
It was a potion of might.
You feel very mighty all of a sudden. The orc hits you but does no damage.
The orc wizard hits you but does no damage.
There's something in the way.
You nearly hit yourself!
The orc hits you but does no damage.
The orc wizard gestures at you while chanting.
You are more confused.
You nearly hit yourself!
The orc hits you but does no damage.
The orc wizard hits you but does no damage.
You nearly hit yourself!
The orc hits you but does no damage. The orc wizard casts a spell at you.
The puff of flame hits you but does no damage.
There's something in the way.
You swing at nothing.
The orc hits you but does no damage.
The orc wizard hits you but does no damage.
There's something in the way.
There's something in the way.
You puncture the orc wizard!
The orc wizard is almost dead.
The orc hits you but does no damage.
The orc wizard gestures at you while chanting.
The magic dart hits you.
You die...

#.o #.( #..
##.o#######
....o)).oo#
##..#####♣#
##. #.# #.
#.# #. ..#
#..# #..#


You could see an orc wizard and an orc.

Vanquished Creatures
  2 dart slugs (D:1)
  2 orcs (D:3)
  3 goblins
  3 hobgoblins
  2 jackals (D:1)
  5 bats
  A frilled lizard (D:1)
  5 kobolds
  2 rats (D:2)
25 creatures vanquished.

Vanquished Creatures (others)
  2 plants (D:2)
2 creatures vanquished.

Grand Total: 27 creatures vanquished

Notes
Turn   | Place    | Note
-------+----------+-------------------------------------------
     0 | D:1      | Nattfarinn the Kobold Enchanter began the quest for the
                  | Orb.
     0 | D:1      | Reached XP level 1. HP: 10/10 MP: 3/3
   397 | D:1      | Reached XP level 2. HP: 10/15 MP: 5/5
   636 | D:1      | Reached skill level 5 in Stealth
  1590 | D:1      | Reached XP level 3. HP: 19/19 MP: 6/6
  2106 | D:2      | Found a hide-covered altar of Uskayaw.
  2106 | D:2      | Found an ancient bone altar of Kikubaaqudgha.
  2111 | D:2      | Found a glowing golden altar of the Shining One.
  2177 | D:2      | You fall into a shaft and drop 1 floor!
  2193 | D:3      | Reached skill level 6 in Stealth
  2220 | D:3      | Killed from afar by an orc wizard

Illustrated notes

Levels and vault maps discovered:
D:1:      roderic_lyre, layout_basic, serial_bayou_pond_c, minivault_11,
          minmay_tromino_mix6
D:2:      layout_loops_ring, minmay_overflow_temple_hex,
          chequers_ecumenical_altar_lobes, kennysheep_generic_room_9,
          uniq_terence
D:3:      layout_loops_ring, gammafunk_ghost_stat_death

Skill      XL: |  1  2  3 |
---------------+----------+-----
Stealth        | 5 6 |  6.0
Short Blades   | |  1.3
Dodging        | |  2.4
Spellcasting   | |  2.1
Hexes          | |  3.0

Action                   || total
-------------------------++-------
Melee: Dagger            ||    72
Throw: Dart              ||    35
 Cast: Corona            ||     4
  Use: Potion            ||     3
 Stab: Sleeping          ||     3
Armor: Robe              ||     9
       Skin              ||    15
Dodge: Dodged            ||    75

Table legend: (Time is in decaauts)
 A = Elapsed time spent in this place.
 B = Non-inter-level travel time spent in this place.
 C = Inter-level travel time spent in this place.
 D = Time resting spent in this place.
 E = Time spent auto-exploring this place.
 F = Levels seen in this place.
 G = Mean time per level.
                   A        B        C        D        E       F      G
               +--------+--------+--------+--------+--------+-----+--------+
         Total |   2218 |   2167 |     51 |    425 |   1525 |   3 |  739.3 |
       Dungeon |   2218 |   2167 |     51 |    425 |   1525 |   3 |  739.3 |
               +--------+--------+--------+--------+--------+-----+--------+

Top non-repeatable levels by time:
     D:1: 1910 daAuts
     D:2: 265 daAuts
     D:3: 42 daAuts
